[Event "Turkish Championship 2022"]
[Site "Kemer-Antalya"]
[Date "2022.11.26"]
[Round "2.5"]
[White "Yaran, Siar"]
[Black "Agdelen, Huseyin Can"]
[Result "0-1"]
[ECO "A09"]
[WhiteElo "2291"]
[BlackElo "2416"]
[Annotator "TA"]
[PlyCount "80"]
[EventDate "2022.11.25"]
[EventCountry "TUR"]
[SourceTitle "playchess.com"]
[Source "ChessBase"]
[SourceQuality "1"]
[TimeControl "40/5400+30:1800+30"]

1. Nf3 d5 2. c4 d4 3. b4 g5 4. Bb2 Bg7 5. Nxg5 e5 6. h4 {[%emt 0:10:30] A09: Réti Opening: 1 Nf3 d5 2 c4.} h6 {[%emt 0:09:30] [#]} 7. Nh3 $146 (7. Ne4 $142) ({Predecessor:} 7. Ne4 f5 8. Nc5 Nf6 9. g3 O-O 10. Bg2 Qe7 11. Nd3 Nbd7 12. Na3 Nh5 13. e3 {0-1 (37) Gareyev,T (2584)-Andriasian,Z (2600) Philadelphia 2019}) 7... Qxh4 8. d3 {[%emt 0:02:00] Black has an edge.} Qe7 9. Nd2 (9. Ba3 $11) 9... Qxb4 $15 10. Rb1 Qa5 {[%emt 0:06:30] Black is much more active.} 11. g3 Ne7 12. Bg2 c6 (12... Qxa2 $15 13. e3 dxe3 14. fxe3 Qa6) 13. O-O $11 O-O 14. e3 dxe3 (14... Qxa2 15. exd4 exd4 16. Nf4 $16) 15. fxe3 Bf5 (15... Qxa2 16. Ne4 c5 17. Nf6+ Bxf6 18. Rxf6 $18) 16. Ne4 Nd7 (16... Qxa2 $2 17. Bc3 $18) (16... Bxe4 {simplifies} 17. Bxe4 f5 18. Bg2 Nd7) 17. Rxf5 Nxf5 $17 18. Qg4 $2 (18. Qf3 $17 Ne7 19. Bc3 Qxa2 20. Rxb7) 18... Nxe3 $19 (18... Qxa2 19. Nc3 Nxe3 20. Qe4 $15) 19. Qxd7 Rad8 {[%emt 0:01:01] Chess con chili.} (19... Qxa2 20. Nc3 Rad8 21. Qe7 $17 (21. Qxb7 $2 Rb8 $19)) 20. Qe7 Nxg2 $2 (20... Qxa2 21. Nc3 Qb3 22. Nf2 $17) ({Black should try} 20... Rxd3 $19 21. Bf1 Rd1 22. Rxd1 Nxd1) 21. Kxg2 (21. Bc3 $1 $11 Qxa2 22. Rb2 Qa1+ 23. Kxg2 Rxd3 24. Bxe5 Bxe5 25. Qxe5) 21... Qxa2 $17 (21... Rxd3 $6 22. Nhf2 Qxa2 23. Nxd3 $11) 22. Nc3 Qb3 23. Nf2 Qc2 24. Qa3 f5 $1 ({Much less strong is} 24... Rxd3 25. Rc1 Rxc3 26. Bxc3 $14) 25. Rc1 {[%emt 0:00:59] Against e4} Qd2 26. Rd1 {[%emt 0:00:32] Prevents e4.} Qg5 27. Qxa7 $2 (27. Bc1 $17 Qg6 28. c5) 27... e4 $1 $19 {[%emt 0:00:52] Threatens to win with ...Be5.} ({Weaker is} 27... f4 28. Nce4 Qh5 29. g4 f3+ 30. Kg3 $11 (30. Kg1 Qh4 $11)) 28. d4 (28. Ba1) 28... Qh5 {[%emt 0:00:51] And now ...Qf3+ would win.} 29. g4 fxg4 {[%emt 0:00:10][%cal Og4g3] ( -> ...g3!)} 30. Ncxe4 g3 31. Kxg3 {[%emt 0:00:47] [#]} Qf3+ (31... Rd6 $142 $3 32. Ng4 Rg6 33. Nef2 Rxf2 $1 34. Kxf2 Qxg4 35. Qa8+ Kh7 36. Qb8 Rf6+ 37. Ke3 Qh3+ 38. Qg3 Qxg3+ 39. Kd2 Rf2+ 40. Kc1 Qb3 41. Rd2 Rf1+ 42. Rd1 Rxd1#) 32. Kh2 Qe2 33. Kg1 {[%emt 0:02:15] [#]} Qxb2 (33... Rd6 $142 $3 34. Rd2 (34. Qa8 Rg6+) 34... Rg6+ 35. Kh2 {[#]} Rxf2+ $1 36. Nxf2 Qxd2 37. Qb8+ Bf8 38. Qxf8+ Kxf8 39. Ba3+ Kg8 40. Kh3 Qxf2 41. Bd6 Qg2+ 42. Kh4 Qg4#) 34. d5 {[%emt 0:00:00] Black is clearly winning.} cxd5 35. cxd5 Ra8 {[%emt 0:00:00] Inhibits d6.} 36. Qc5 (36. Qe3 $142) 36... Ra1 37. Rxa1 Qxa1+ 38. Kg2 Bd4 39. Qd6 Bxf2 40. Qe6+ Kh7 {[%emt 0:00:00] Weighted Error Value: White=0.97/Black=0.48} 0-1

[Event "Turkish Championship 2022"]
[Site "Kemer-Antalya"]
[Date "2022.11.27"]
[Round "3.1"]
[White "Agdelen, Huseyin Can"]
[Black "Yavuz, Efe Metehan"]
[Result "1-0"]
[ECO "C42"]
[WhiteElo "2416"]
[BlackElo "2256"]
[Annotator "TA"]
[PlyCount "105"]
[EventDate "2022.11.25"]
[EventCountry "TUR"]
[SourceTitle "playchess.com"]
[Source "ChessBase"]
[SourceQuality "1"]
[TimeControl "40/5400+30:1800+30"]

1. e4 e5 2. Nf3 Nf6 3. Nxe5 d6 4. Nf3 Nxe4 5. Qe2 Qe7 6. d3 Nf6 7. Bg5 Qxe2+ 8. Bxe2 Be7 9. Nc3 h6 10. Bf4 {[%emt 0:04:30] 10.Bd2 is a critical line.} O-O {[%emt 0:06:30] C42: Petroff Defence: 3 Nxe5 and unusual White 3rd moves.} 11. h3 Nc6 12. O-O-O {[%emt 0:24:30] [#]} Rb8 $146 {[%emt 0:05:30] The position is equal.} ({Predecessor:} 12... Nb4 13. Rhe1 Nbd5 14. Nxd5 Nxd5 15. Bg3 Bf6 16. Bh4 Bxh4 17. Nxh4 Nf4 18. Bf1 Be6 {1-0 (41) Zenklusen,R (2220)-Bucher,D (2256) Biel 2001}) 13. d4 {[%emt 0:04:30][%cal Bd3d4,Bd4d5][%mdl 32] Prevents b5.} Nb4 (13... Bd8 $11) 14. d5 $1 $14 b5 (14... a5 $14) 15. a3 $18 (15. Nxb5 Nfxd5 16. Bd2 Nxa2+ 17. Kb1 Nab4 18. Bxb4 Nxb4 19. Nxc7 Bf5 $17) 15... Na6 16. Bxb5 (16. Nxb5 Bb7) 16... Ne4 17. Nxe4 Rxb5 18. Rhe1 Rb8 19. Nd4 {[%emt 0:06:30] [#] Nc6 is the strong threat.} Bd7 20. Nc5 Nxc5 $16 21. Rxe7 {[%emt 0:00:17] And now b4 would win.} Rfd8 (21... Rfe8 $16 22. Rxe8+ Rxe8) 22. Bd2 Kf8 23. Re3 $36 {[%emt 0:00:28][%mdl 2048] Keeping Black busy. White is more active.} Rdc8 24. b3 Rb7 25. Bb4 Na6 26. Bc3 Nb8 27. Bb2 a5 28. a4 Na6 29. Bc3 Nb4 30. Bxb4 Rxb4 31. Rc3 g5 32. Nc6 Bxc6 33. Rxc6 $18 {[%emt 0:00:30][%mdl 4096] Endgame KRR-KRR} (33. dxc6 $6 Rf4 $16) 33... Rb6 34. Rc4 Ke7 35. Re1+ Kd7 36. Rce4 {[%emt 0:00:37] Threatening mate with Re7+.} Rf8 37. Re7+ Kd8 38. Kb2 Rb4 39. R7e4 Rxe4 40. Rxe4 {[%emt 0:00:00] KR-KR} Kc8 (40... Kd7 $142 41. Kc3 Rb8) 41. c3 Kb7 42. b4 axb4 (42... f5 $142 43. Re6 h5) 43. cxb4 {[%emt 0:00:00] aiming for Kb3.} ({Don't take} 43. Rxb4+ $6 Ka6 44. Re4 c6 $16) 43... Rg8 (43... f5 $142 44. Re6 f4) 44. Re7 f5 45. Kc3 h5 46. b5 h4 47. a5 Kb8 $2 (47... g4 48. Rh7 gxh3 49. gxh3 Rg1) 48. Kb4 g4 49. b6 cxb6 50. axb6 f4 {[%emt 0:00:30] [#]} (50... Rc8 $142 51. Kb5 Rc2 52. hxg4 Rb2+ 53. Kc6 Rc2+ 54. Kxd6 fxg4) 51. hxg4 $1 Rg5 52. Kc4 (52. Kb5 $142 Rg8 53. Rh7 Rc8 54. Ka6 f3 55. gxf3 Rc4 56. Rh8+ Rc8 57. Rxh4) 52... Re5 53. Rf7 {[%emt 0:00:59] Weighted Error Value: White=0.09 (flawless) /Black=0.54} (53. Rxe5 $142 dxe5 54. d6 Kc8 55. Kc5 e4 56. Kc6 Kd8 57. b7 Ke8 58. b8=Q+ Kf7 59. d7 Kg6 60. d8=Q Kh7 61. Qh8+ Kg6 62. Qbg8#) 1-0

[Event "Turkish Championship 2022"]
[Site "Kemer-Antalya"]
[Date "2022.11.27"]
[Round "3.2"]
[White "Isik, Alparslan"]
[Black "Yaran, Siar"]
[Result "1-0"]
[ECO "A67"]
[WhiteElo "2463"]
[BlackElo "2291"]
[Annotator "TA"]
[PlyCount "83"]
[EventDate "2022.11.25"]
[EventCountry "TUR"]
[SourceTitle "playchess.com"]
[Source "ChessBase"]
[SourceQuality "1"]
[TimeControl "40/5400+30:1800+30"]

1. d4 {[%emt 0:04:00] Baldauf,M} Nf6 2. c4 c5 3. d5 e6 4. Nc3 exd5 5. cxd5 d6 6. e4 g6 7. f4 Bg7 8. Bb5+ Nfd7 9. Bd3 Qh4+ 10. g3 Qd8 {[%emt 0:00:30] A67: Modern Benoni: Taimanov Variation.} 11. Nf3 O-O {[%emt 0:00:00] [#]} 12. Kf1 $146 ({Predecessor:} 12. O-O Nf6 13. Qb3 Na6 14. e5 Nd7 15. e6 Nb6 16. f5 c4 17. Bxc4 Nc5 18. Qb4 gxf5 {1-0 (56) Cheparinov,I (2685)-Pantsulaia,L (2613) Gjakova 2016 CBM 173 [Baldauf,M]}) 12... Na6 {[%emt 0:07:00] The position is equal.} 13. Kg2 Nc7 14. Re1 Re8 15. Qc2 Rb8 16. a3 ({White should try} 16. b3 $11) 16... b5 $15 17. b4 a5 (17... f5 {keeps more tension.} 18. Bb2 c4 19. Bf1 fxe4 20. Nxe4 Nf6) 18. Rb1 (18. bxa5 $2 b4 19. axb4 cxb4 $19) (18. Bb2 $1 $15) 18... axb4 $17 (18... c4 $6 19. Bf1 $15) 19. axb4 cxb4 (19... c4 $142 20. Bf1 f5) 20. Rxb4 Na6 (20... Nc5 $17 {...N7a6 is the strong threat.} 21. Be3 (21. Bxb5 $2 {perishes.} Bxc3 22. Qxc3 Nxb5 $19) (21. Nxb5 $2 {loses.} Ba6 $19) 21... N7a6 22. Bxc5 (22. Rxb5 $2 Nxd3 23. Qxd3 Bxc3 $19) 22... dxc5) 21. Rxb5 $11 Nb4 {[%emt 0:00:30] [#]} 22. Rxb4 Rxb4 23. Ba3 Qa5 24. Bxb4 $16 Qxb4 {[%emt 0:00:00] [#]} 25. Na4 (25. Nb5 $1 $16) 25... Nf6 26. Rb1 Qa3 ({Better is} 26... Qa5) 27. h3 $36 {[%emt 0:01:30][%mdl 2048] Black is under strong pressure.} h6 28. Nd2 {[%emt 0:09:30] Hoping for Nc4.} Bd7 29. Nb6 g5 {[%emt 0:02:46] This move loses the game for Black.} (29... Rd8 $16 30. Rb3 Qa5) 30. Nxd7 Nxd7 31. Bb5 gxf4 (31... Qa7 $142 32. Nc4 Qc7) 32. Bxd7 $18 Qxg3+ 33. Kh1 Bd4 34. Qd1 {[%emt 0:03:03] Prevents f3. Strongly threatening Nf3.} (34. Bxe8 $2 Qxh3#) 34... Kh8 $2 (34... Ra8 35. Qg4+ Kf8 36. Qxg3 fxg3) 35. Qf3 $2 (35. Bxe8 $2 Qxh3#) (35. Nf3 Ra8 36. Qxd4+ Qg7 37. Qc4) 35... Rg8 36. Qxg3 Rxg3 37. Rf1 {[%emt 0:00:00] Prevents f3.} Be5 $2 (37... Rc3 38. Nf3 (38. Rxf4 Be3 $16) 38... Bf6) 38. Nc4 {[%emt 0:01:40] White is clearly winning.} f6 39. Rg1 Rc3 (39... Rxg1+ $142 40. Kxg1 Bd4+ 41. Kg2 Bc5) 40. Nxe5 fxe5 41. Rg6 f3 42. Kg1 {[%emt 0:00:30] Weighted Error Value: White=0.45/Black=0.53} 1-0

[Event "Turkish Championship 2022"]
[Site "Kemer-Antalya"]
[Date "2022.11.27"]
[Round "3.3"]
[White "Gokbulut, Julia"]
[Black "Koksal, Ege"]
[Result "1/2-1/2"]
[ECO "E15"]
[WhiteElo "1912"]
[BlackElo "2321"]
[Annotator "TA"]
[PlyCount "160"]
[EventDate "2022.11.25"]
[EventCountry "TUR"]
[SourceTitle "playchess.com"]
[Source "ChessBase"]
[SourceQuality "1"]
[TimeControl "40/5400+30:1800+30"]

1. d4 Nf6 2. Nf3 e6 3. c4 b6 4. g3 Ba6 5. b3 d5 6. Bg2 c6 7. O-O Nbd7 {[%emt 0:00:30] E15: Queen's Indian: 4 g3 sidelines, 4 g3 Ba6 and 4 g3 Bb7 early deviations.} 8. Nfd2 Be7 9. e4 O-O {[%emt 0:00:30] White has an edge.} 10. e5 Ne8 11. Re1 Nc7 12. Nc3 Rc8 13. Bb2 c5 {[%emt 0:11:30] [#]} 14. dxc5 $146 ({Predecessor:} 14. Nxd5 exd5 15. cxd5 cxd4 16. d6 Nc5 17. Bxd4 Nd3 18. dxe7 Qxe7 19. Re4 Rfd8 20. Qh5 {½-½ (60) Le,Q (2718)-Kovalyov,A (2647) Kenner 2016}) 14... Nxc5 {[%emt 0:00:30] And now ...Nd3 would win.} 15. Qb1 {[%emt 0:04:30] Inhibits Nd3.} dxc4 16. Nxc4 Bxc4 17. bxc4 Qd3 18. Bf1 $1 {[%emt 0:02:00] A strong pair of Bishops.} Qxb1 19. Raxb1 Rfd8 20. Rbd1 f5 21. f4 g5 22. Rxd8+ Rxd8 23. Rd1 Rc8 (23... Rxd1 $142 24. Nxd1 Na4) 24. fxg5 Bxg5 25. Ba3 Be7 26. Kg2 Kf8 27. Be2 Ne8 28. g4 Ng7 29. h3 a6 {[%emt 0:02:30] Inhibits Nb5.} 30. Bc1 Kf7 31. Be3 Kg6 32. Rb1 Nd7 33. Na4 Bc5 (33... Nxe5 $11 {keeps the balance.} 34. Nxb6 Rd8) 34. Nxc5 $16 (34. Nxb6 $6 Nxb6 35. Bxc5 Rxc5 $11) 34... bxc5 35. Rb7 {[%emt 0:02:32] White is more active.} (35. Bf4 $16) 35... Nxe5 $14 36. Rb6 (36. Bf4 $5 Nc6 37. Bf3 $14) 36... a5 37. Rb5 h5 38. Rxa5 hxg4 39. Rxc5 (39. Bxc5 Nh5 40. hxg4 Nf4+ 41. Kf1 fxg4 $15) 39... gxh3+ 40. Kxh3 Rh8+ 41. Kg2 Nd7 42. Rc7 Nf6 43. a4 e5 $1 44. a5 f4 45. Bb6 e4 46. a6 Ne6 47. Rc6 Kf5 48. a7 Nd7 49. Bg4+ Kxg4 50. Rxe6 $11 {[%emt 0:00:00][%mdl 4096] [#] Endgame Threatens to win with Bd4. KRB-KRN} f3+ 51. Kf2 Kf5 52. Rh6 {[%emt 0:01:15] Chess con chili.} Rg8 (52... Rxh6 $11 53. a8=Q (53. a8=B Nxb6 54. Bb7 Kf4 55. Ke1 e3 56. Kd1 Rh2 57. Bc6 Nxc4 58. Bd7 Rb2 59. Be6 e2+ 60. Ke1 Rb1+ 61. Kf2 e1=Q#) 53... Rxb6) 53. Bd4 $18 Kf4 54. Rh4+ (54. Rd6 $142 Rg2+ 55. Kf1) 54... Kf5 55. Rh8 $2 ({Better is} 55. Rh5+ $18 Ke6 56. Rh6+ Kf7 57. c5) 55... Rxh8 $11 56. Bxh8 {[%emt 0:00:30] KB-KN} Nb6 57. Bd4 (57. c5 $5 Na8 $8 58. Kg3 $11) 57... Na8 58. Ke3 Nc7 59. Bc3 {[%emt 0:01:11] Black must now prevent Be1.} Na8 60. Ba5 Ke5 61. Be1 (61. Bb4 $5 f2 $8 62. Ke2 $11 (62. Kxf2 Kd4 $11)) 61... Kd6 62. Kxe4 Kc5 63. Kd3 Kb6 64. Bf2+ Kb7 65. Ke4 Nc7 66. Kxf3 Ne8 67. Bc5 Nc7 68. Ke4 Na8 69. Kd5 Nc7+ 70. Kd6 Ne8+ 71. Kd7 Nc7 {[%emt 0:00:38] Prevents a8Q+.} 72. Bd4 Na8 {[%emt 0:00:29] [#]} 73. c5 $1 Nc7 74. c6+ $2 (74. a8=Q+ Nxa8 75. c6+ Ka6 76. Kc8 Ka5 77. Kb7 Kb4 78. Kxa8 Kc4 79. Ba7) 74... Ka8 {[%emt 0:00:00] The position is equal.} 75. Be5 Na6 76. Bb8 Nc5+ 77. Kc7 Ne6+ 78. Kd6 {[%emt 0:00:58][%cal Od6e7] aiming for Ke7!} Nd4 79. c7 Nb5+ 80. Kc6 Nxc7 $1 {[%emt 0:00:00][%mdl 64] Weighted Error Value: White=0.20 (precise) /Black=0.07 (flawless)} 1/2-1/2

[Event "Turkish Championship 2022"]
[Site "Kemer-Antalya"]
[Date "2022.11.27"]
[Round "3.4"]
[White "Yilmaz, Mustafa"]
[Black "Yilmazyerli, Mert"]
[Result "1/2-1/2"]
[ECO "D41"]
[WhiteElo "2621"]
[BlackElo "2534"]
[Annotator "TA"]
[PlyCount "60"]
[EventDate "2022.11.25"]
[EventCountry "TUR"]
[SourceTitle "playchess.com"]
[Source "ChessBase"]
[SourceQuality "1"]
[TimeControl "40/5400+30:1800+30"]

1. c4 e6 2. Nc3 d5 3. d4 Nf6 4. cxd5 Nxd5 5. e4 Nxc3 6. bxc3 c5 7. Nf3 cxd4 8. cxd4 Bb4+ 9. Bd2 Bxd2+ 10. Qxd2 O-O 11. Rc1 b6 {[%emt 0:01:00] D41: Queen's Gambit Declined: Semi-Tarrasch with 5 cxd5.} 12. Bd3 Ba6 13. Bxa6 Nxa6 {[%emt 0:00:30] White has an edge.} 14. O-O Qe7 {[%emt 0:00:00] [#]} 15. h4 $146 (15. Qd3 $5 Nb4 16. Qc4 $14) ({Predecessor:} 15. Qe2 Qb7 16. Ne5 Rac8 17. h4 Nb8 18. Nc4 Qa6 19. Rc2 Nd7 20. e5 Rc7 21. Nd6 Qxe2 22. Rxe2 {½-½ (61) So,W (2788)-Dominguez Perez,L (2739) Saint Louis 2017}) 15... Rac8 16. h5 h6 17. Rfe1 (17. Ne5 {with more complications.} Qb4 18. Qe3 Qd6 19. Rfd1) 17... Qb7 18. Rcd1 Rfd8 19. Re3 Nc5 20. Qe1 Na4 21. Qb4 Nc5 22. Qe1 Na4 23. Qb4 Nc5 24. Rde1 Nd7 25. e5 {[%emt 0:00:30] Prevents Nf6.} (25. Qe7 $11 {keeps the balance.}) 25... Nb8 $17 26. Re4 Nc6 27. Qd2 Ne7 28. Rg4 Nf5 (28... Kh8 $17 29. Qf4 Nd5) 29. Nh4 $1 $15 Nxh4 30. Rxh4 Qc7 {[%emt 0:00:00] Weighted Error Value: White=0.11 (very precise) /Black=0.09 (flawless)} 1/2-1/2

[Event "Turkish Championship 2022"]
[Site "Kemer-Antalya"]
[Date "2022.11.27"]
[Round "3.5"]
[White "Ozsakallioglu, Okan"]
[Black "Kilic, Eray"]
[Result "0-1"]
[ECO "B99"]
[WhiteElo "2288"]
[BlackElo "2437"]
[Annotator "TA"]
[PlyCount "76"]
[EventDate "2022.11.25"]
[EventCountry "TUR"]
[SourceTitle "playchess.com"]
[Source "ChessBase"]
[SourceQuality "1"]
[TimeControl "40/5400+30:1800+30"]

1. e4 c5 2. Nf3 d6 3. d4 cxd4 4. Nxd4 Nf6 5. Nc3 a6 6. Bg5 e6 7. f4 Be7 8. Qf3 Qc7 9. O-O-O Nbd7 10. g4 h6 {[%emt 0:00:00] B99: Sicilian Najdorf: 6 Bg5 e6 7 f4 Be7 8 Qf3 Qc7 9 0-0-0 Nbd7.} 11. Qh3 (11. Bxf6 $14 {might be stronger.} Bxf6 12. h4) 11... Nc5 12. Bg2 Rg8 {[%emt 0:18:30] White has an edge.} 13. Bxf6 Bxf6 {[%emt 0:18:30] [#]} 14. f5 $146 (14. Qf3 $14) ({Predecessor:} 14. Kb1 Bd7 15. Rd2 Ke7 16. Nf5+ Kf8 17. Nxd6 Bc6 18. Rhd1 e5 19. Qh5 Ne6 20. fxe5 {1-0 (47) Rachut,S (2081)-Cornelissen,P (1799) Hengelo 2005}) 14... Bd7 $11 (14... Qb6 {seems wilder.} 15. Kb1 Bd7 16. fxe6 fxe6 17. Qh5+ Kd8) 15. fxe6 Bg5+ {[%emt 0:00:30] A strong pair of Bishops.} (15... fxe6 $11 16. Qh5+ g6 17. Qxh6 Na4 18. Nxa4 (18. Qh7 Bg5+ 19. Kb1 Nxc3+ 20. bxc3 O-O-O $17) 18... Bxa4) 16. Kb1 $14 fxe6 17. Qg3 (17. Nf3 $142) 17... Bf6 {[%emt 0:01:30] [#]} (17... O-O-O $1 $11) 18. h4 ({Only move:} 18. Nf5 $1 $16 exf5 (18... Be5 19. Nxd6+) 19. Nd5) 18... O-O-O $11 (18... Rf8 {looks sharper.} 19. Nce2 Qb6 20. g5 Be5) 19. g5 Be5 20. Qe3 Kb8 21. Rhf1 (21. Nce2 {with more complications.} Na4 22. b3 Qb6 23. Rd3) 21... hxg5 22. hxg5 Rc8 23. Rd2 Qb6 (23... Rh8 {simplifies} 24. Rh1 Rxh1+ 25. Bxh1 Rh8) 24. Bh3 Rh8 {[%emt 0:02:30] Threatens to win with ...Bxd4.} 25. Rf3 Rh4 {[%emt 0:04:30] Black is more active.} ({Inferior is} 25... Na4 26. Nxa4 Bxa4 27. c3 $15) 26. a3 Rch8 ({Weaker is} 26... Na4 27. Nxa4 Bxa4 28. Bxe6 Bxd4 29. Qxd4 Bxc2+ 30. Ka2 Qxd4 31. Rxd4 $11) (26... Bc6 $19 {[%cal Rc6e4] and Black stays clearly on top.} 27. Bxe6 Nxe6 28. Nxe6 Qxe3 29. Rxe3 Re8) 27. Bf1 Bc6 28. Bd3 (28. Nxc6+ $17 {was called for.} Qxc6 29. Rdf2) 28... Rh1+ $40 {[%emt 0:00:51][%mdl 128] Black wants a kill.} ({Better is} 28... Be8 $19 {[%cal Od6d5] Strongly threatening ...d5!} 29. Ka2 Nxd3 30. Rxd3 Rh2) 29. Ka2 $2 {[%emt 0:03:13] [#]} (29. Bf1 $17 {is the only way for White.}) 29... Bxd4 $1 $19 {[%emt 0:02:21] Chess con chili.} 30. Qxd4 {[%emt 0:00:06][%cal Of3f8] [#]} Ra1+ $3 31. Kxa1 {[%emt 0:00:17] [#]} Nb3+ $1 {[%emt 0:00:35][%mdl 576] Discovered Attack} 32. cxb3 Qxd4 33. Rd1 Qe5 {[%emt 0:00:05] Prevents Bb5.} 34. Rg1 Qh2 35. Rgg3 Qd2 36. Nb1 Qe1 {[%emt 0:01:56] Black is clearly winning.} 37. Re3 Qc1 38. Re2 {[%emt 0:01:10] Prevents Rh2.} Bb5 {[%emt 0:00:40] Weighted Error Value: White=0.46/Black=0.26 (precise)} 0-1

[Event "Turkish Championship 2022"]
[Site "Kemer-Antalya"]
[Date "2022.11.28"]
[Round "4.1"]
[White "Yavuz, Efe Metehan"]
[Black "Kilic, Eray"]
[Result "1-0"]
[ECO "B06"]
[WhiteElo "2256"]
[BlackElo "2437"]
[Annotator "TA"]
[PlyCount "117"]
[EventDate "2022.11.25"]
[EventCountry "TUR"]
[SourceTitle "playchess.com"]
[Source "ChessBase"]
[SourceQuality "1"]
[TimeControl "40/5400+30:1800+30"]

1. e4 c5 2. c3 d5 3. exd5 Qxd5 4. d4 g6 5. Nf3 Bg7 6. dxc5 Qxc5 (6... Qxd1+ {simplifies} 7. Kxd1 Nd7 8. Bb5 Ngf6) 7. Be3 {[%emt 0:00:30] B06: Modern Defence.} Qa5 8. Nbd2 Nf6 9. Nc4 {[%emt 0:02:30] The position is equal.} Qc7 10. Be2 O-O {[%emt 0:00:30] [#]} 11. Qc1 $146 ({Predecessor:} 11. O-O Nc6 12. Qc1 Ng4 13. Bf4 e5 14. Bg5 Be6 15. h3 Nf6 16. Bh6 Rad8 17. Bxg7 Kxg7 {0-1 (42) Godarz,K (2205)-Pira,D (2380) Teheran 2016}) 11... Be6 12. Bf4 Qc5 13. Nce5 Nbd7 14. O-O Nxe5 15. Bxe5 Rfd8 16. Bd4 Qc7 17. a4 Bd5 18. Be5 Qb6 (18... Qc5 $11 19. Bd4 Qc7) 19. h3 (19. a5 {simplifies} Qe6 20. Re1 Ne8 21. Bxg7 Nxg7 22. c4) 19... Ne4 (19... Nh5 {simplifies} 20. Bxg7 Nxg7 21. a5 Qc7) 20. a5 Qe6 (20... Qc5 {feels hotter.} 21. Qf4 Rac8 22. h4 Bxe5 23. Nxe5 f6) 21. Bxg7 Kxg7 22. Qe3 Qf6 (22... Nc5 $11) 23. Rfd1 $16 e6 24. a6 (24. Rd4 $16) 24... bxa6 (24... Nd6 $1 $14) 25. Rxa6 (25. Bxa6 $16 {Strongly threatening c4.} Nd6 26. Ne5) 25... Rab8 {[%emt 0:03:39] [#]} ({Black should play} 25... Nd6 $14) 26. c4 $2 (26. Qxa7 $2 Rxb2 27. c4 Ra8 $19) (26. Rxd5 $1 $18 Rxd5 27. Qxe4) 26... Bb7 $11 27. Rxd8 Rxd8 28. Rxa7 Qxb2 29. Kh2 Kg8 30. Ng5 {[%emt 0:05:33] aiming for Rxb7.} Nxg5 31. Qxg5 Rf8 {[%emt 0:00:00] ...Bf3 is the strong threat.} 32. Qe3 {[%emt 0:00:44] Against Bf3} Qb4 33. Qa3 Qb1 34. Qe3 Qb2 35. h4 Bc6 36. Rc7 Ba8 (36... Qb8 {simplifies} 37. Qg3 Rc8 38. Rxc8+ Qxc8 39. Qd6 Qa8) 37. h5 Qf6 38. Qg3 Rd8 (38... Kg7 $11) 39. Ra7 ({Better is} 39. h6 $14) 39... Be4 40. Bg4 (40. Kg1 {simplifies} g5 41. Qe3 Qf4 42. Qxf4 gxf4 43. h6) 40... Qd4 (40... g5 {simplifies} 41. Qe3 Qe5+ 42. Qg3 Qxg3+ 43. Kxg3 f5) 41. Qc7 Rf8 42. f3 Bf5 43. Bxf5 exf5 {[%emt 0:00:00][%mdl 4096] Endgame KQR-KQR} 44. f4 Qf2 45. Ra3 Qh4+ (45... gxh5 $2 46. Rg3+ Kh8 47. Qe5+ f6 48. Qe7 $18 (48. Qxf5 Qd4 $18) (48. Qxf5 Qd4 $18)) 46. Rh3 Qf6 47. h6 Qe6 $2 {[%emt 0:00:20][%mdl 8192] [#]} (47... Re8 $11) 48. Rd3 $1 $18 {[%emt 0:03:41] And now c5 would win.} Qe1 $2 (48... Re8 49. c5 Kf8) 49. Qd6 {[%emt 0:01:39] White wants to mate with Qf6.} ({Not} 49. Qe5 Qxe5 50. fxe5 Rc8 $11) 49... Qe4 50. c5 {[%emt 0:01:40] White mates.} g5 51. c6 Re8 52. c7 Qe1 53. Rg3 g4 54. Qf6 Kf8 55. Qh8+ Ke7 {[%emt 0:00:30] [#]} 56. Qxe8+ $3 Kxe8 57. c8=Q+ (57. c8=B $2 {loses.} Qe4 58. Bxf5 Qxf5 $19) 57... Ke7 58. Qxf5 Kf8 59. Qxh7 {[%emt 0:00:00] Weighted Error Value: White=0.12 (very precise) /Black=0.33} 1-0

[Event "Turkish Championship 2022"]
[Site "Kemer-Antalya"]
[Date "2022.11.28"]
[Round "4.2"]
[White "Yilmazyerli, Mert"]
[Black "Ozsakallioglu, Okan"]
[Result "1/2-1/2"]
[ECO "C42"]
[WhiteElo "2534"]
[BlackElo "2288"]
[Annotator "TA"]
[PlyCount "64"]
[EventDate "2022.11.25"]
[EventCountry "TUR"]
[SourceTitle "playchess.com"]
[Source "ChessBase"]
[SourceQuality "1"]
[TimeControl "40/5400+30:1800+30"]

1. e4 e5 2. Nf3 Nf6 3. Nxe5 Nxe4 4. Qe2 Qe7 5. Qxe4 d6 6. d4 dxe5 7. dxe5 Nc6 8. Bb5 {[%emt 0:00:00] 8.Nc3 injects fresh life into this line.} (8. Nc3 {simplifies} Qxe5 9. Qxe5+ Nxe5 10. Nb5) 8... Bd7 {[%emt 0:00:00] C42: Petroff Defence: 3 Nxe5 and unusual White 3rd moves.} 9. Nc3 (9. Bf4 $5 ) 9... O-O-O 10. Bf4 {[%emt 0:00:00] aiming for 0-0-0.} Qb4 11. O-O-O Qxe4 12. Nxe4 Nxe5 $1 {[%emt 0:00:30][%mdl 64] [#]} 13. Bxd7+ Nxd7 14. Rhe1 {[%emt 0:18:30] [#]} h6 $146 {[%emt 0:20:30] Prevents Ng5. The position is equal.} ({Predecessor:} 14... Bb4 15. c3 Be7 16. Ng5 Bxg5 17. Bxg5 Rde8 18. Kc2 Nc5 19. Be3 Ne6 20. b3 Rd8 21. Rxd8+ Rxd8 {0-1 (43) Szakolczai,P (2278)-Volkmann,F (2416) Austria 2005}) 15. Rd3 Nc5 16. Rf3 (16. Rxd8+ {simplifies} Kxd8 17. b4 Nxe4 18. Rxe4 a6 19. Kb2) 16... Re8 17. Rfe3 {[%emt 0:01:30] [#] Threatens to win with Nxc5.} Nxe4 18. Rxe4 Rxe4 19. Rxe4 $11 {[%emt 0:00:00][%mdl 4096] Endgame KRB-KRB} Kd7 {[%emt 0:02:30] Against Re8} 20. Rd4+ Kc8 21. Rc4 c6 22. Re4 Kd7 {[%emt 0:01:30] Prevents Re8.} 23. Be3 a6 24. Rd4+ Kc8 25. Rd3 Be7 26. Bd4 Rg8 27. c4 Rd8 {[%emt 0:00:30] And now ...Bc5 would win.} 28. Kc2 Bf8 29. g4 g6 30. h3 c5 31. Be3 Rxd3 32. Kxd3 Kd7 {[%emt 0:00:30] A balanced but interesting game.   Weighted Error Value: White=0.05 (flawless) /Black=0.00 (flawless)} 1/2-1/2